 Dungeon Crawl Stone Soup version 0.30-a0-137-gd8773701ce (webtiles) character file.

Game seed: 18249290854831411380

1348 Dreamer the Transmogrifier (level 8, -4/57 HPs)
             Began as an Octopode Transmuter on Sept 23, 2022.
             Slain by an orc warrior (8 damage)
             ... in a bailey.
             The game lasted 00:18:36 (8008 turns).

Dreamer the Transmogrifier (Octopode Transmuter)    Turns: 8008, Time: 00:18:36

Health: -4/57      AC:  7    Str: 15    XL:     8   Next: 62%
Magic:  12/14      EV: 10    Int: 18    God:
Gold:   330        SH:  0    Dex: 12    Spells: 10/15 levels left

rFire   . . .      SeeInvis +      - Unarmed
rCold   + + +      Faith    .    (shield currently unavailable)
rNeg    . . .      Spirit   .    (helmet currently unavailable)
rPois   +          Reflect  .    (no amulet)
rElec   +          Harm     .    f - +6 ring of strength
rCorr   +          Rampage  .    n - ring of see invisible
Will    .....                    (no ring)
Stlth   +.........               (no ring)
HPRegen 0.19/turn                (no ring)
MPRegen 0.14/turn                (no ring)
                                 (no ring)
                                 (no ring)

@: ice-form, resistant, attractive
A: freezing attack, boosted hp, almost no armour, amphibious, 8 rings, large,
(camouflage 1), (gelatinous body 1), (nimble swimmer 1), (tentacles)
a: End Transformation


You were in a bailey.
You were a creature of crystalline ice.
You visited 1 branch of the dungeon, and saw 7 of its levels.
You also visited: Bailey.

You collected 330 gold pieces.

Inventory:

Hand Weapons
 p - a +3 sling (melded)
Missiles
 x - a throwing net
Jewellery
 f - a +6 ring of strength (left front paw)
 n - a ring of see invisible (right front paw)
Wands
 s - a wand of flame (7)
 u - a wand of paralysis (12)
Scrolls
 g - 2 scrolls of summoning {unknown}
 h - a scroll of acquirement {unknown}
 i - a scroll of identify
 k - a scroll of noise {unknown}
 l - a scroll of enchant armour {unknown}
 m - 2 scrolls of teleportation {unknown}
 v - a scroll of vulnerability {unknown}
 w - a scroll of immolation {unknown}
 y - a scroll of blinking {unknown}
Potions
 a - 2 potions of lignification
 c - a potion of invisibility
 d - 2 potions of might
 e - a potion of mutation {unknown}
 j - a potion of berserk rage
 q - a potion of brilliance
 r - a potion of curing
 t - 5 potions of magic


   Skills:
 - Level 1.0 Fighting
 - Level 2.0 Dodging
 + Level 4.6 Unarmed Combat
 + Level 4.2 Spellcasting
 * Level 8.2 Transmutations
 - Level 3.0 Ice Magic


You had 10 spell levels left.
You knew the following spells:

 Your Spells              Type           Power      Damage    Failure   Level
a - Beastly Appendage     Tmut           66%        N/A       1%          1
b - Ice Form              Ice/Tmut       24%        N/A       14%         4

Your spell library contained the following spells:

 Spells                   Type           Power      Damage    Failure   Level
 Wereblood                Tmut           33%        N/A       1%          2
 Spider Form              Tmut/Pois      18%        N/A       8%          3
 Cause Fear               Hex            1%         N/A       82%         4
 Dragon Form              Tmut           16%        N/A       99%         7
 Dragon's Call            Summ           1%         N/A       100%        9


Dungeon Overview and Level Annotations

Branches:
Dungeon (7/15)             Bailey (1/1)
 Temple: D:4-7

Altars:
Fedhas
Hepliaklqana
Nemelex Xobeh
Qazlal
Ru
Sif Muna
Trog

Annotations:
D:4 exclusion: centaur


Innate Abilities, Weirdness & Mutations

You are a creature of crystalline ice.
You have a powerful freezing melee attack.
Your maximum health is increased.
Your armour is entirely melded.
You are incapable of wielding weapons or throwing items.
You cannot wear most types of armour.
You are amphibious.
You can wear up to eight rings at the same time.
((Your skin changes colour to match your surroundings (Stealth+).))
((Your rubbery body absorbs attacks. (AC +1, EV +1)))
((You are camouflaged when in or above water. (Stealth+)))
((You have tentacles for arms and can constrict up to eight enemies at once.))


Message History

The orc shoots a bolt.
The bolt hits you but does no damage.
The orc warrior shoots a bolt.
The bolt hits you!
* * * LOW HITPOINT WARNING * * *
You are too injured to fight recklessly!
You feel better.
The orc shoots a bolt.
The bolt barely misses you.
The orc warrior shoots a bolt.
The bolt completely misses you.
Really quaff the potion of attraction?
You feel attractive to monsters.
The orc shoots a bolt.
The bolt hits you but does no damage.
The orc warrior shoots a bolt.
The bolt hits you!
* * * LOW HITPOINT WARNING * * *
The orc is attracted toward you. x2
The orc warrior is attracted toward you.
You feel better.
The orc unwields a +0 arbalest.
The orc hits you but does no damage.
You hit the orc but do no damage. The orc hits you.
* * * LOW HITPOINT WARNING * * *
The orc warrior unwields a +0 arbalest.
The orc warrior barely misses you.
The orc unwields a +0 arbalest.
The orc closely misses you.
You barely miss the orc. The orc closely misses you. The orc warrior hits you.
* * * LOW HITPOINT WARNING * * *
You barely miss the orc. The orc closely misses you.
The orc hits you but does no damage.
You feel protected. The orc warrior hits you.
* * * LOW HITPOINT WARNING * * *
The orc barely misses you. The orc hits you but does no damage.
You feel better. The orc warrior hits you.
* * * LOW HITPOINT WARNING * * *
The orc hits you but does no damage. The orc closely misses you.
You hit the orc but do no damage.
The orc warrior hits you but does no damage.
The orc hits you but does no damage. x2
You pummel the orc!! You freeze the orc.
You kill the orc!
The orc warrior hits you.
* * * LOW HITPOINT WARNING * * *
The orc hits you but does no damage.
You hit the orc but do no damage. The orc warrior hits you!
You die...

############
..........∩#
.........∩.#
...........#
...........#
≈≈≈≈≈~.Y...#
≈###≈≈o)o..#
# ##≈.....#
.o#≈.)...#
.##≈.....# #
#≈≈.....#
o≈≈~.....#
~~~~.....#
~~~.....#


You could see an orc warrior and 2 orcs.

Vanquished Creatures
  4 black bears
  An ogre (D:5)
  A centaur (D:5)
  A phantom (D:4)
  A necrophage (D:4)
  4 scorpions
  A howler monkey (D:5)
  2 hounds (D:5)
  Crazy Yiuf (D:3)
  2 iguanas (D:5)
  2 orc wizards (D:6)
  Robin (D:3)
  4 gnolls (D:4)
  6 adders
  An ufetubus (D:5)
  3 worms (D:2)
  9 dart slugs
  8 orcs
  7 bats
  7 endoplasms
  A giant cockroach (D:4)
  14 goblins
  8 hobgoblins
  3 jackals (D:4)
  A quokka (D:2)
  8 ball pythons
  3 frilled lizards
  5 kobolds
  4 rats
113 creatures vanquished.

Notes
Turn   | Place    | Note
-------+----------+-------------------------------------------
     0 | D:1      | Dreamer the Octopode Transmuter began the quest for the
                  | Orb.
     0 | D:1      | Reached XP level 1. HP: 13/13 MP: 3/3
   163 | D:1      | Reached XP level 2. HP: 17/18 MP: 3/5
   833 | D:1      | Reached skill level 1 in Ice Magic
  1279 | D:2      | Reached skill level 3 in Transmutations
  1281 | D:2      | Reached XP level 3. HP: 22/23 MP: 4/6
  1318 | D:2      | Found a faded altar of an unknown god.
  1921 | D:2      | Reached XP level 4. HP: 26/28 MP: 7/7
  2078 | D:3      | Noticed Robin
  2868 | D:3      | Killed Robin
  2869 | D:3      | Reached skill level 4 in Transmutations
  2881 | D:3      | HP: 1/28 [goblin/+0 club[Robin] (5)]
  3616 | D:3      | Found a runed translucent door.
  3617 | D:3      | Noticed Crazy Yiuf
  3625 | D:3      | Killed Crazy Yiuf
  3626 | D:3      | Reached XP level 5. HP: 7/33 MP: 0/8
  4410 | D:4      | Noticed a black bear
  4434 | D:3      | Learned a level 4 spell: Ice Form
  4445 | D:4      | Noticed a centaur
  4571 | D:4      | Noticed a black bear
  4816 | D:4      | Killed a black bear
  4817 | D:4      | Reached skill level 5 in Transmutations
  4817 | D:4      | Reached XP level 6. HP: 12/38 MP: 9/9
  5046 | D:4      | Found a sacrificial altar of Ru.
  5146 | D:5      | Entered Level 5 of the Dungeon
  5596 | D:4      | Reached skill level 6 in Transmutations
  5604 | D:4      | Reached XP level 7. HP: 3/43 MP: 9/11
  6481 | D:5      | Found a bloodstained altar of Trog.
  6487 | D:5      | Found a stormy altar of Qazlal.
  6490 | D:5      | Found a blossoming altar of Fedhas.
  6638 | D:5      | Reached skill level 7 in Transmutations
  6707 | D:5      | Found a shimmering blue altar of Sif Muna.
  6723 | D:5      | Reached XP level 8. HP: 42/48 MP: 8/13
  6935 | D:5      | Found a hazy altar of Hepliaklqana.
  7226 | D:5      | Found a sparkling altar of Nemelex Xobeh.
  7532 | D:6      | Reached skill level 8 in Transmutations
  7914 | D:7      | Found a flagged portal.
  7923 | Bailey   | Entered a bailey
  8004 | Bailey   | HP: 1/57 [orc warrior (4)]
  8008 | Bailey   | Slain by an orc warrior

Illustrated notes

Levels and vault maps discovered:
D:1:      evilmike_arrival_rings, layout_loops_corners
D:2:      layout_basic, chequers_ecumenical_altar_simple, grunt_decor_fettered
D:3:      minmay_bubble_buster, layout_rooms, grunt_decor_cap,
          minmay_misc_feat_alley, uniq_crazy_yiuf_cottage, uniq_robin
D:4:      layout_loops_ring, nicolae_ru_sacrificial_ziggurat
D:5:      layout_loops_ring, grunt_temple_overflow_open, lemuel_tele_altar,
          old_standard_altar, general_overflow_altar
D:6:      layout_loops_ring, nicolae_wu_jian_glorious_leap,
          lemuel_mausoleum_altar_yredelemnul, kennysheep_little_box
D:7:      layout_loops_cross, minmay_temple_entry_arrows, enter_bailey_1
Bailey:   bailey_polearm_2, bailey

Skill      XL: |  1  2  3  4  5  6  7  8 |
---------------+-------------------------+-----
Ice Magic      | 1 2 3 |  3.0
Transmutations | 3 4 5 6 7 8 |  8.2
Spellcasting   | 3 4 |  4.2
Unarmed Combat | 4 |  4.6
Fighting       | |  1.0
Dodging        | |  2.0

Action                   |  1- 3 |  4- 6 |  7- 9 || total
-------------------------+-------+-------+-------++-------
Melee: Whip              |     9 |       |       ||     9
       Kick              |    12 |     4 |     1 ||    17
       Unarmed           |     4 |       |    70 ||    74
       Constrict         |    22 |    20 |     2 ||    44
       Tentacles         |    11 |    16 |     2 ||    29
       Punch             |     4 |     2 |       ||     6
       Short sword       |    56 |    57 |     7 ||   120
       War axe           |       |    37 |       ||    37
 Fire: Sling             |       |    49 |    15 ||    64
 Cast: Beastly Appendage |    19 |     3 |     2 ||    24
       Ice Form          |       |       |    10 ||    10
  Use: Scroll            |       |     7 |     2 ||     9
       Potion            |       |     3 |     5 ||     8
 Stab: Sleeping          |     9 |     2 |       ||    11
       Distracted        |       |     1 |       ||     1
Armor: Skin              |     8 |    10 |    48 ||    66
Dodge: Dodged            |    36 |    96 |    54 ||   186

Table legend: (Time is in decaauts)
 A = Elapsed time spent in this place.
 B = Non-inter-level travel time spent in this place.
 C = Inter-level travel time spent in this place.
 D = Time resting spent in this place.
 E = Time spent auto-exploring this place.
 F = Levels seen in this place.
 G = Mean time per level.
                   A        B        C        D        E       F      G
               +--------+--------+--------+--------+--------+-----+--------+
         Total |   8042 |   7805 |    237 |   2966 |   3544 |   8 | 1005.2 |
       Dungeon |   7956 |   7719 |    237 |   2917 |   3544 |   7 | 1136.6 |
        Bailey |     86 |     86 |      0 |     49 |      0 |   1 |   86.0 |
               +--------+--------+--------+--------+--------+-----+--------+

Top non-repeatable levels by time:
     D:4: 1757 daAuts
     D:2: 1744 daAuts
     D:3: 1559 daAuts
     D:1: 1265 daAuts
     D:5: 1218 daAuts
     D:6: 340 daAuts
  Bailey: 86 daAuts
     D:7: 69 daAuts
